Map: Terrasses de Prion

Players

RoadRunner

  • Race: Zerg Zerg
  • League: Silver
  • Spawn Location: 11:00

zidar - Winner!

  • Race: Zerg Zerg
  • League: Silver
  • Spawn Location: 5:00

VOD

Have the link to the VOD?

Description

Time

  • Played on: Jan. 2, 2016, 3:24 p.m.
  • Length: 4:15
Show
View Real Time Build Order
Export as new Build Order

RoadRunner Zerg 

Build Orders: Pool First 

Get SALT Encoding   

  12  0:02  Drone  
  13  0:10  Drone  
  14  0:17  Overlord  
  14  0:37  Drone x2  
  14  0:40  Drone  
  17  0:53  Spawning Pool, Drone  
  17  1:06  Drone  
  17  1:07  Extractor  
  17  1:14  Extractor, Drone  
  17  1:21  Drone  
  18  1:45  Queen  
  20  1:47  Drone  
  20  1:48  Overlord  
  21  2:02  Drone  
  22  2:18  Zergling x4  
  22  2:22  Lair  
  24  2:33  Drone  
  25  2:44  Hatchery  
  24  3:08  Drone x2  
  26  3:14  Drone  
  26  3:15  Drone  
  28  3:28  Extractor  
  28  3:31  Extractor  
  26  3:39  Zergling x10  
Show
View Real Time Build Order
Export as new Build Order

zidar Zerg - Winner!

Build Orders: Hatch First 

Get SALT Encoding   

  12  0:02  Drone  
  13  0:15  Overlord  
  13  0:17  Drone  
  14  0:40  Drone x3  
  17  0:58  Hatchery  
  17  1:00  Drone  
  17  1:14  Spawning Pool  
  16  1:18  Extractor  
  16  1:20  Drone  
  16  1:25  Drone  
  17  1:45  Drone  
  18  2:02  Zergling x6  
  21  2:21  Spine Crawler  
  20  2:23  Zergling x4  
  20  2:24  Zergling x2  
  23  2:30  Baneling Nest  
  22  2:39  Queen  
  22  2:41  Queen  
  26  2:44  Zergling x2  
  26  2:45  Zergling x2  
  27  2:58  Zergling x2  
  28  3:03  Overlord x2  
  28  3:21  Drone x3  
Tags
 
Add a new tag
Caveats
  • Supply blocks, unpowered buildings, or Contaminate may cause inaccurate times.
  • Supply counts are checked every 10 seconds.